 Crawl Stoat Soup version 0.23-ish-327-95-g181beea39d (console) character file.

130 hilarita the Slasher (level 4, 0/36 HPs)
             Began as a Draconian Skald on Apr 14, 2024.
             Succumbed to an adder's poison
             ... on level 3 of the Dungeon.
             The game lasted 00:04:18 (2834 turns).

hilarita the Slasher (Draconian Skald)              Turns: 2834, Time: 00:04:18

Health: 0/36       AC:  5    Str: 14    XL:     4   Next: 89%
Magic:  3/7 (8)    EV: 12    Int: 14    God:
Gold:   75         SH:  0    Dex: 10    Spells: 1/8 levels left

rFire    . . .     SeeInvis .   a - +1 falchion
rCold    . . .     Gourm    .   (no shield)
rNeg     . . .     Faith    .   (armour unavailable)
rPois    .         Spirit   .   f - +0 hat
rElec    .         Warding  .   (no cloak)
rCorr    .         Reflect  .   (no gloves)
MR       .....     Harm     .   (no boots)
Stlth    +.........             (no amulet)
HPRegen  0.12/turn              (no ring)
MPRegen  0.11/turn              (no ring)

@: lethally poisoned (0 -> -2), slowed, infusing, very slow, 1 MP reserved for
charms, 0.01 MP regen used to sustain charms
A: unfitting armour, cold-blooded, AC +5
a: End Permanent Enchantments


You were on level 3 of the Dungeon.
You were not hungry.

You visited 1 branch of the dungeon, and saw 3 of its levels.

You collected 75 gold pieces.

Inventory:

Hand Weapons
 a - a +1 falchion (weapon)
 d - a +0 dagger
Armour
 f - a +0 hat (worn)
Scrolls
 b - 2 scrolls of amnesia
 e - a scroll of fear
Potions
 i - a potion of magic
Comestibles
 c - 4 bread rations
 g - 8 fruits


   Skills:
 - Level 2.1 Fighting
 * Level 3.9 Long Blades
 - Level 2.1 Dodging
 + Level 2.9 Spellcasting
 + Level 3.4 Charms


You had one spell level left.
You knew the following spells:

 Your Spells              Type           Power        Failure   Level  Hunger
a - Infusion              Chrm           11/25        5%          1    #......
b - Shroud of Golubria    Chrm/Tloc      6/50         16%         2    ##.....
c - Regeneration          Chrm/Necr      6/200        71%         4    #####..

Your spell library contained the following spells:

 Spells                   Type           Power        Failure   Level  Hunger
 Song of Slaying          Chrm           11/100       9%          2    ##.....
 Spectral Weapon          Hex/Chrm       6/100        32%         3    ###....


Dungeon Overview and Level Annotations

Branches:
Dungeon (3/15)

Altars:


Innate Abilities, Weirdness & Mutations

Your plain brown scales are hard. (AC +5)
You cannot fit into any form of body armour.
You are cold-blooded and may be slowed by cold attacks.


Message History

You kill Natasha!
Natasha screams in pain as she dies!
You feel sick.
The adder bites you but does no damage. x2
You miss the adder.
You feel sick. The adder bites you.
* * * LOW HITPOINT WARNING * * *
The adder bites you.
* * * LOW HITPOINT WARNING * * *
You closely miss the adder.
Your tail-slap misses the adder.
The adder bites you.
* * * LOW HITPOINT WARNING * * *
The adder misses you.
Okay, then.
You hit the adder.
Your tail-slap misses the adder.
The adder is moderately wounded.
The adder bites you but does no damage. The adder closely misses you.
The adder barely misses you.
You riposte.
You hit the adder!
The adder is almost dead.
You miss the adder.
The adder is almost dead.
You die...

... ## .. .##
..##..#####
..#......##
#.........##
#..........#
#.S........#
#.@........#
#.......?..##
#..<....>....
##).......###
##..........#
#...........#
#...........#
................
.#........[....#
...............#
.............#..


You could see an adder.

Vanquished Creatures
  Natasha (twice) (D:3)
  4 adders (D:2)
  2 dart slugs
  2 leopard geckos (D:2)
  3 bats (D:1)
  A giant cockroach (D:2)
  9 goblins
  4 hobgoblins
  4 kobolds
  A weasel (D:2)
  2 ball pythons (D:2)
  3 frilled lizards
  6 rats
43 creatures vanquished.

Notes
Turn   | Place    | Note
-------+----------+-------------------------------------------
     0 | D:1      | hilarita the Draconian Skald began the quest for the Orb.
     0 | D:1      | Reached XP level 1. HP: 17/17 MP: 3/3
   298 | D:1      | Reached XP level 2. HP: 24/24 MP: 2/5
   898 | D:1      | Learned a level 2 spell: Shroud of Golubria
  1477 | D:2      | Reached XP level 3. HP: 27/29 MP: 0/6
  2099 | D:2      | Reached XP level 4. HP: 15/36 MP: 4/7
  2359 | D:2      | Learned a level 4 spell: Regeneration
  2730 | D:3      | Noticed Natasha
  2744 | D:3      | Killed Natasha
  2820 | D:3      | Noticed Natasha
  2830 | D:3      | Killed Natasha
  2831 | D:3      | HP: 2/36 [adder (2)]
  2834 | D:3      | Succumbed to an adder's poison

Vault maps used:
D:1:      saegor_arrival_simple_a
D:2:      first_bread
D:3:      grunt_temple_overflow_cloverleaf, marbit_many_paths,
          lemuel_doored_altar, nicolae_overflow_hidden_temple,
          chequers_ecumenical_altar_island, uniq_natasha, uniq_grinder

Skill      XL: |  1  2  3 |
---------------+----------+-----
Charms         | 3 |  3.4
Long Blades    | 3 |  3.9
Fighting       | |  2.1
Dodging        | |  2.1
Spellcasting   | |  2.9

Action                   |  1- 3 |  4- 6 || total
-------------------------+-------+-------++-------
Melee: Falchion          |    66 |    36 ||   102
       Tailslap          |       |     5 ||     5
 Cast: * Infusion        |    33 |    15 ||    48
  Use: Scroll            |     9 |       ||     9
       Potion            |       |     1 ||     1
 Stab: Sleeping          |     2 |       ||     2
  Eat: Chunk             |     4 |     2 ||     6
Armor: Skin              |    19 |    10 ||    29
Dodge: Dodged            |    48 |    20 ||    68
       Rpst.: Falchion   |    17 |     6 ||    23
* Casting counts for permanent charms are approximate representations of how often the player would have had to cast a non-permanent spell for the same benefits.

Table legend:
 A = Spawn XP
 B = Non-spawn XP
 C = Spawn XP percentage of total XP
 D = Spawn monster count
 E = Non-spawn monster count
 F = Spawn count percentage of total count
 G = Total turns spent on level
                    A         B        C        D         E        F      G
               +---------+---------+-------+---------+---------+-------+---------
         Total |      22 |     164 |  11.8 |      11 |      32 |  25.6 |  2834
               +---------+---------+-------+---------+---------+-------+---------
           D:1 |       4 |      19 |  17.4 |       2 |      11 |  15.4 |  1118
           D:2 |      18 |      77 |  18.9 |       9 |      19 |  32.1 |  1612
           D:3 |       0 |      68 |   0.0 |       0 |       2 |   0.0 |   104
               +---------+---------+-------+---------+---------+-------+---------
